 Dungeon Sprint DCSS version 0.30.0-20-g3b4254fcbd (webtiles) character file.

Game seed: 7381368580130663082

11 Groucho the Sneak (level 2, -3/13 HPs)
             Began as a Spriggan Enchanter on June 2, 2023.
             Slain by a boulder beetle (16 damage)
             ... in the Dungeon (Sprint II: "The Violet Keep of Menkaure").
             The game lasted 00:00:31 (27 turns).

Groucho the Sneak (Spriggan Enchanter)                Turns: 27, Time: 00:00:32

Health: -3/13      AC:  2    Str:  4    XL:     2   Next: 13%
Magic:  5/7        EV: 17    Int: 16    God:
Gold:   0          SH:  0    Dex: 15    Spells: 8/8 levels left

rFire   . . .        a - +1 dagger
rCold   . . .        (no shield)
rNeg    . . .        b - +0 robe
rPois   .            (helmet restricted)
rElec   .            (no cloak)
rCorr   .            (gloves unavailable)
SInv    +            (boots unavailable)
Will    .....        (no amulet)
Stlth   +++          (no ring)
HPRegen 0.22/turn    (no ring)
MPRegen 0.10/turn

%: no teleportation
@: hasted, very quick
A: very small, no large weapons, unfitting armour, see invisible, speed 3
a: no special abilities


You were in the Dungeon.
You visited 1 branch

Inventory:

Hand Weapons
 a - a +1 dagger (weapon)
Armour
 b - a +0 robe (worn)
Scrolls
 i - a scroll of blinking
Potions
 c - a potion of invisibility
 d - a potion of curing
 e - a potion of heal wounds
 g - 2 potions of magic
 h - a potion of berserk rage


   Skills:
 + Level 2.2 Short Blades
 - Level 2.6 Dodging
 * Level 6.2 Stealth
 + Level 3.5 Spellcasting
 + Level 4.3 Hexes


You had 8 spell levels left.
You didn't know any spells.
Your spell library contained the following spells:

 Spells                   Type           Power      Damage    Failure   Level
 Confusing Touch          Hex            16%        N/A       9%          3
 Tukima's Dance           Hex            16%        N/A       9%          3
 Ensorcelled Hibernation  Hex/Ice        18%        N/A       11%         2
 Dazzling Flash           Conj/Hex       18%        N/A       22%         3


Dungeon Overview and Level Annotations

Branches:
Dungeon (1/1)

Altars:


Innate Abilities, Weirdness & Mutations

You are very small and have problems with some larger weapons.
You are too small for most types of armour.
You have supernaturally acute eyesight. (SInv)
You cover ground extremely quickly. (Speed+++)


Message History

Your Spellcasting skill increases to level 3!
Your Hexes skill increases to level 4!
You hit the worm.
The worm is almost dead.
You barely miss the worm.
The worm is almost dead.
You barely miss the worm.
The worm is almost dead.
The worm barely misses you.
You hit the worm.
You kill the worm!
Your Short Blades skill increases to level 2!
No target in view!
There is an open door here.
You flicker for a moment.
The helpless worm fails to defend itself.
You impale the worm!!
You kill the worm!
Your Stealth skill increases to level 6!
You have reached level 2!
Unknown command.
There is an open door here.
You open the door. 2 boulder beetles come into view.
Found 243 gold pieces.
There is an open door here.
You see here 243 gold pieces.
The helpless boulder beetle fails to defend itself.
You impale the boulder beetle!!
The boulder beetle is moderately wounded.
The boulder beetle closely misses you.
You hit the boulder beetle.
The boulder beetle is heavily wounded.
You catch the helpless boulder beetle completely off-guard!
You puncture the boulder beetle!
The boulder beetle is heavily wounded.
You flicker back into view.
The boulder beetle bites you!
Ouch! That really hurt!
You die...

## ## l#
#l .#. ##
#+###.##
##.##.†.#
+.<.'##$+
##.##.# #
#'###†#
#.#@# ##
#.B#B.#
##.#.##
##+##


You could see a boulder beetle.

Vanquished Creatures
  3 worms (D)
3 creatures vanquished.

Notes
Turn   | Place    | Note
-------+----------+-------------------------------------------
     0 | D        | Groucho the Spriggan Enchanter began the quest for the Orb.
     0 | D        | Reached XP level 1. HP: 9/9 MP: 5/5
     3 | D        | Noticed a wyvern
     3 | D        | Noticed a wyvern
    12 | D        | Reached skill level 5 in Stealth
    19 | D        | Reached skill level 6 in Stealth
    19 | D        | Reached XP level 2. HP: 13/13 MP: 5/7
    22 | D        | Noticed a boulder beetle
    22 | D        | Noticed a boulder beetle
    27 | D        | Slain by a boulder beetle

Illustrated notes

Levels and vault maps discovered:
D:        the_violet_keep_of_menkaure [sprint2_stairs_cluster_1,
          sprint2_shoproom, sprint2_temple, sprint2_basic_supplies,
          sprint2_obstacle_1, sprint2_obstacle_6, sprint2_obstacle_3,
          sprint2_obstacle_2, sprint2_obstacle_4, sprint2_timed_cluster_1,
          sprint2_smallroom_cluster_1, sprint2_smallroom_final_cluster_1,
          sprint2_transparent_cluster_1, sprint2_second_timed_cluster_1,
          sprint2_sniper_area_1, sprint2_heavy_combat_area_1,
          sprint2_mutation_trap_area_1, sprint2_forest_area_1,
          sprint2_light_combat_area_1, sprint2_behind_water_1,
          sprint2_near_end_vault_1]

Skill      XL: |  1 |
---------------+----+-----
Stealth        | 6 |  6.2
Spellcasting   | 3 |  3.5
Hexes          | 4 |  4.3
Short Blades   | 2 |  2.2
Dodging        | |  2.6

Action                     || total
---------------------------++-------
  Melee: Dagger            ||    11
    Use: Potion            ||     2
   Stab: Sleeping          ||     4
         Invisible         ||     1
  Dodge: Dodged            ||     2
